 Dungeon Crawl Stone Soup version 0.27-a0-1036-g8e1b44f6bd (webtiles) character file.

Game seed: 12233191435654593125

54 voltaire321 the Grasshopper (level 3, -1/24 HPs)
             Began as an Octopode Warper on Apr 18, 2021.
             Succumbed to an adder's poison
             ... on level 2 of the Dungeon.
             The game lasted 00:03:12 (2329 turns).

voltaire321 the Grasshopper (Octopode Warper)       Turns: 2329, Time: 00:03:13

Health: -1/24      AC:  1    Str: 10    XL:     3   Next: 91%
Magic:  6/6        EV: 13    Int: 16    God:
Gold:   83         SH:  0    Dex: 11    Spells: 4/6 levels left

rFire    . . .     SeeInvis .   a - +0 short sword
rCold    . . .     Faith    .   (no shield)
rNeg     . . .     Spirit   .   (helmet restricted)
rPois    .         Reflect  .   (no amulet)
rElec    .         Harm     .   (no ring)
rCorr    .         Rampage  .   (no ring)
Will     .....                  (no ring)
Stlth    +++.......             (no ring)
HPRegen  0.08/turn              (no ring)
MPRegen  0.10/turn              (no ring)
                                (no ring)
                                (no ring)

@: lethally poisoned (-1 -> -8)
A: almost no armour, amphibious, 8 rings, camouflage 1, gelatinous body 1,
(nimble swimmer 1), tentacles
a: no special abilities


You were on level 2 of the Dungeon.
You visited 1 branch of the dungeon, and saw 2 of its levels.

You collected 83 gold pieces.

Inventory:

Hand Weapons
 a - a +0 short sword (weapon)
Missiles
 d - 5 boomerangs of dispersal (quivered)
Jewellery
 e - a ring of poison resistance
Scrolls
 c - a scroll of blinking
 f - a scroll of fog {unknown}
 g - a scroll of amnesia {unknown}
 h - a scroll of acquirement {unknown}
Potions
 b - 3 potions of curing {unknown}
 i - 2 potions of flight {unknown}


   Skills:
 + Level 2.2 Fighting
 + Level 2.3 Short Blades
 + Level 1.4 Throwing
 + Level 2.7 Dodging
 + Level 1.7 Stealth
 + Level 2.3 Spellcasting
 + Level 3.3 Translocations


You had 4 spell levels left.
You knew the following spells:

 Your Spells              Type           Power      Damage    Failure   Level
a - Blink                 Tloc           N/A        N/A       8%          2

Your spell library contained the following spells:

 Spells                   Type           Power      Damage    Failure   Level
 Gell's Gravitas          Tloc           6%         N/A       16%         3
 Lesser Beckoning         Tloc           6%         N/A       16%         3
 Teleport Other           Tloc           12%        N/A       16%         3
 Manifold Assault         Tloc           12%        N/A       82%         5


Dungeon Overview and Level Annotations

Branches:
Dungeon (2/15)

Altars:


Innate Abilities, Weirdness & Mutations

You cannot wear most types of armour.
You are amphibious.
You can wear up to eight rings at the same time.
Your skin changes colour to match your surroundings (Stealth+).
Your rubbery body absorbs attacks. (AC +1, EV +1)
((You are camouflaged near water. (Stealth+)))
You have tentacles for arms and can constrict up to eight enemies at once.


Message History

You see here 24 arrows.
You see here a +0 short sword.
There is a shaft here.
There is a stone staircase leading up here.
An adder comes into view.
The adder hisses angrily.
The adder bites you.
You are poisoned.
The adder poisons you! The adder bites you.
You closely miss the adder. Your grab misses the adder.
You feel sick. The adder bites you.
You hit the adder. Your grab misses the adder. Your squeeze misses the adder.
The adder is lightly wounded.
You feel sick. The adder bites you.
You are more poisoned.
The adder poisons you!
You closely miss the adder. Your grab misses the adder.
The adder is lightly wounded.
You feel sick. The adder barely misses you.
You miss the adder. You grab the adder. Your squeeze misses the adder.
The adder is lightly wounded.
You constrict the adder.
You feel sick. The adder completely misses you. The adder bites you.
You are lethally poisoned!
The adder poisons you!
You hit the adder but do no damage.
The adder is lightly wounded.
You constrict the adder.
* * * LOW HITPOINT WARNING * * *
You feel very sick. The adder bites you.
* * * LOW HITPOINT WARNING * * *
You hit the adder.
The adder is severely wounded.
You constrict the adder.
* * * LOW HITPOINT WARNING * * *
You feel sick. The adder misses you.
You hit the adder.
You kill the adder!
You die...

#########..######.>.#.# #.#
....................#.# #.#
.......###<###.##.>##.# #.#
######[# #.# #.##.....# #.# #
#.# #.###.###.#### #.# # #.#
#.##...##.# #.# #
##.###.........# #.# #
##...#####...###########.#
####.#.#.#####..@...........#
#..........##############..#
#.#.#.#.##[# #......#
#.##...###.# #.####.#
#.###.## #.# #.# #.##### ##.#
#.####.# ########.# #......
...# #....#.# #........#
####### ...# ####.#.#
#.######## # ...# #.#.# #.# #


There were no monsters in sight!

Vanquished Creatures
  2 adders (D:2)
  A worm (D:2)
  2 dart slugs
  2 ball pythons
  An endoplasm (D:2)
  5 giant cockroaches
  8 hobgoblins
  3 kobolds
  2 quokkas
  3 bats
  4 frilled lizards
  5 rats
38 creatures vanquished.

Notes
Turn   | Place    | Note
-------+----------+-------------------------------------------
     0 | D:1      | voltaire321 the Octopode Warper began the quest for the
                  | Orb.
     0 | D:1      | Reached XP level 1. HP: 14/14 MP: 3/3
   335 | D:1      | Reached XP level 2. HP: 19/19 MP: 5/5
   553 | D:1      | Reached skill level 1 in Stealth
   967 | D:1      | Reached XP level 3. HP: 24/24 MP: 6/6
  1410 | D:2      | Learned a level 2 spell: Blink
  2328 | D:2      | HP: 1/24 [poisoned by an adder]
  2329 | D:2      | Succumbed to an adder's poison

Illustrated notes

Levels and vault maps discovered:
D:1:      tarquinn_simple_flora_water_a, layout_loops_corners
D:2:      layout_loops_ring, kennysheep_generic_room_16

Skill      XL: |  1  2 |
---------------+-------+-----
Stealth        | 1 |  1.7
Fighting       | |  2.2
Short Blades   | |  2.3
Throwing       | |  1.4
Dodging        | |  2.7
Spellcasting   | |  2.3
Translocations | |  3.3

Action                   || total
-------------------------++-------
Melee: Short sword       ||    93
       Constrict         ||    26
       Tentacles         ||    13
 Stab: Sleeping          ||     8
Dodge: Dodged            ||    46

Table legend: (Time is in decaauts)
 A = Elapsed time spent in this place.
 B = Non-inter-level travel time spent in this place.
 C = Inter-level travel time spent in this place.
 D = Time resting spent in this place.
 E = Time spent auto-exploring this place.
 F = Levels seen in this place.
 G = Mean time per level.
                   A        B        C        D        E       F      G
               +--------+--------+--------+--------+--------+-----+--------+
         Total |   2328 |   2297 |     31 |    315 |   1675 |   2 | 1164.0 |
       Dungeon |   2328 |   2297 |     31 |    315 |   1675 |   2 | 1164.0 |
               +--------+--------+--------+--------+--------+-----+--------+

Top non-repeatable levels by time:
     D:1: 1224 daAuts
     D:2: 1103 daAuts
